 Dungeon Crawl Stone Soup version 0.18-a0-1589-g520a787 (webtiles) character file.

3240 Oddball22 the Thaumaturge (level 9, -3/47 HPs)
             Began as a Vine Stalker Necromancer on Mar 19, 2016.
             Was an Initiate of Kikubaaqudgha.
             Splashed by a jelly's acid (4 damage)
             ... on level 7 of the Dungeon.
             The game lasted 00:20:56 (5695 turns).

Oddball22 the Thaumaturge (VSNe)                    Turns: 5695, Time: 00:20:57

Health: -3/47      AC: -9    Str: 12    XL:     9   Next: 99%
Magic:  0/22       EV: 15    Int: 15    God:    Kikubaaqudgha [......]
Gold:   275        SH:  0    Dex: 20    Spells: 7 memorised, 7 levels left

rFire  + . .     SeeInvis .     i - +1 dagger (venom)
rCold  . . .     Gourm    .     r - +0 robe (curse)
rNeg   + . .     Faith    .     (no shield)
rPois  .         Spirit   +     (no helmet)
rElec  .         Dismiss  .     v - +1 cloak
rCorr  .         Reflect  .     z - +2 pair of gloves {Dex+3}
SustAt .         Harm     .     (no boots)
MR     +....                    Q - amulet of magic regeneration
Stlth  ++........               P - ring of positive energy
                                t - ring of protection from fire

@: corroded, regenerating (expiring), drained, somewhat resistant to hostile
enchantments, unstealthy
A: fangs 3, regeneration 2, magic shield, antimagic bite, no device heal 3, rot
immunity
a: Renounce Religion


You were on level 7 of the Dungeon.
You worshipped Kikubaaqudgha.
Kikubaaqudgha was noncommittal.
You were very hungry.

You visited 2 branches of the dungeon, and saw 8 of its levels.

You collected 275 gold pieces.

Inventory:

Hand Weapons
 i - a +1 dagger of venom (weapon)
 J - a +2 quarterstaff of chaos
 K - a +0 whip of freezing
Armour
 r - a cursed +0 robe (worn)
 v - a +1 cloak (worn)
 y - a +0 shield
 z - a +2 pair of gloves of dexterity (worn)
 H - a +2 buckler
 L - a +1 robe of the Archmagi
Jewellery
 t - a ring of protection from fire (left hand)
 P - a ring of positive energy (right hand)
 Q - an amulet of magic regeneration (around neck)
 R - an uncursed ring of protection from cold {unknown}
 S - a cursed amulet of inaccuracy {unknown}
Wands
 d - a wand of heal wounds (2/9)
 B - a wand of iceblast (6/15)
 D - a wand of digging (7/24)
 F - a wand of flame (31/48)
 I - a wand of flame (27/48)
Scrolls
 e - a scroll of amnesia {unknown}
 f - 2 scrolls of noise {unknown}
 g - 12 scrolls of identify {unknown}
 l - a scroll of fear {unknown}
 m - a scroll of blinking {unknown}
 o - 2 scrolls of recharging {unknown}
 q - 5 scrolls of teleportation {unknown}
 u - 4 scrolls of remove curse {unknown}
 A - 4 scrolls of immolation {unknown}
 E - a scroll of magic mapping {unknown}
 M - a scroll of random uselessness {unknown}
 O - a scroll of fog {unknown}
Potions
 a - a potion of berserk rage {unknown}
 h - 4 potions of lignification {unknown}
 k - a potion of agility {unknown}
 p - 6 potions of curing {unknown}
 x - a potion of degeneration {unknown}
 C - a potion of might {unknown}
 G - 2 potions of magic {unknown}
Books
 b - a book of Necromancy

   Spells                             Type                      Level
   a - Pain                           Necromancy                   1
   b - Animate Skeleton               Necromancy                   1
   c - Vampiric Draining              Necromancy                   3
   d - Regeneration                   Charms/Necromancy            3
   e - Animate Dead                   Necromancy                   4
   f - Control Undead                 Necromancy                   4
 w - a book of Alchemy

   Spells                             Type                      Level
   a - Sublimation of Blood           Necromancy                   2
   b - Ignite Poison                  Fire/Transmutation/Poison    3
   c - Petrify                        Transmutation/Earth          4
   d - Alistair's Intoxication        Transmutation/Poison         5
   e - Irradiate                      Conjuration/Transmutation    5
 N - a book of Callings

   Spells                             Type                      Level
   a - Summon Small Mammal            Summoning                    1
   b - Call Imp                       Summoning                    2
   c - Call Canine Familiar           Summoning                    3
   d - Summon Guardian Golem          Hexes/Summoning              3
   e - Summon Lightning Spire         Summoning/Air                4
   f - Summon Ice Beast               Ice/Summoning                4
Comestibles
 c - 4 bread rations
 j - 4 meat rations
 n - 5 slices of pizza
 s - 3 beef jerkies


   Skills:
 + Level 5.5(4.5) Fighting
 + Level 5.4(4.5) Dodging
 - Level 2.4(1.5) Stealth
 * Level 8.8(7.8) Spellcasting
 + Level 7.3(6.3) Necromancy


You had 7 spell levels left.
You knew the following spells:

 Your Spells              Type           Power        Failure   Level  Hunger
a - Pain                  Necr           ###.         1%          1    None
b - Animate Skeleton      Necr           N/A          1%          1    None
c - Vampiric Draining     Necr           ###.......   2%          3    ##.....
d - Regeneration          Chrm/Necr      ###.......   12%         3    ##.....
e - Animate Dead          Necr           N/A          12%         4    ####...
f - Control Undead        Necr           ###.......   12%         4    ####...
g - Sublimation of Blood  Necr           ###.......   1%          2    None


Dungeon Overview and Level Annotations

Branches:
Dungeon (7/15)             Temple (1/1) D:5

Altars:
Ashenzari
Cheibriados
Dithmenos
Elyvilon
Fedhas
Gozag
Kikubaaqudgha
Makhleb
Nemelex Xobeh
Okawaru
Pakellas
Ru
Sif Muna
Trog
Vehumet
Xom
Yredelemnul
Zin
The Shining One

Shops:
D:6 [


Innate Abilities, Weirdness & Mutations

You have razor-sharp teeth.
You heal very quickly.
When hurt, damage is shared between your health and your magic reserves.
Your bite disrupts and absorbs the magic of your enemies.
Potions and wands cannot restore your health.
You are immune to rotting.


Message History

Aim: a jelly (chance to defeat MR: 88%)
The jelly convulses in agony!
The jelly hits you.
* * * LOW HITPOINT WARNING * * *
You are splashed with acid!
The acid corrodes you!
The acid burns!
* * * LOW HITPOINT WARNING * * *
You hit the jelly but do no damage. The acid corrodes you!
Your hands burn!
* * * LOW HITPOINT WARNING * * *
You bite the jelly. You drain its power.
You feel invigorated.
The jelly is heavily wounded.
The jelly misses you.
You barely miss the jelly. You bite the jelly. You drain its power.
You feel invigorated.
The jelly is severely wounded.
The jelly hits you.
* * * LOW HITPOINT WARNING * * *
You are splashed with acid!
The acid corrodes you!
The acid burns!
* * * LOW HITPOINT WARNING * * *
You hit the jelly. The acid corrodes you!
Your hands burn!
You die...
Kikubaaqudgha rasps: "You have failed me!
Welcome... death!"

######.# #.# #<#
#.# #.# #.# ###
#.# #.# ..# #.#
#.# #o###.###)#
#o##......#
#J##..#####
#@##..# #..#..#
### ##.#..#
##.## #.#..#
##.#.####.#..#
#.###.....#..#
##.....####..###
########.###.#
#....#
.........# #.#
#.##.#


You could see a jelly and 2 orc priests.

Vanquished Creatures
  Pikel (D:5)
  Sigmund (D:3)
  A hippogriff (D:7)
  2 ice beasts
  A sky beast (D:7)
  A phantom (D:5)
  4 ogres
  2 centaurs
  A giant frog (D:7)
  A water moccasin zombie (D:5)
  A scorpion (D:5)
  6 wights
  A wasp zombie (D:7)
  4 crimson imps
  2 giant frog zombies (D:6)
  2 jellies
  A centaur zombie (D:5)
  Crazy Yiuf (D:5)
  A giant frog skeleton (D:6)
  2 orc priests
  2 hounds
  Ijyb (D:3)
  12 orc wizards
  5 worker ants
  A killer bee zombie (D:6)
  A hound skeleton (D:4)
  A worker ant zombie (D:5)
  8 adders
  A howler monkey skeleton (D:4)
  2 oozes
  An adder zombie (D:6)
  3 worms (D:2)
  2 dart slugs
  8 giant geckos
  30 orcs
  7 giant cockroaches
  7 goblins
  10 hobgoblins
  3 jackals (D:3)
  8 kobolds
  5 quokkas
  A sheep (D:5)
  A ball python (D:2)
  9 bats
  6 giant newts
  4 rats
175 creatures vanquished.

Vanquished Creatures (collateral kills)
  3 wights
  A giant frog zombie (D:7)
4 creatures vanquished.

Grand Total: 179 creatures vanquished

Notes
Turn   | Place    | Note
--------------------------------------------------------------
     0 | D:1      | Oddball22 the Vine Stalker Necromancer began the quest for the Orb.
     0 | D:1      | Reached XP level 1. HP: 9/9 MP: 4/4
   123 | D:1      | Reached XP level 2. HP: 7/14 MP: 4/6
   378 | D:1      | Reached XP level 3. HP: 17/17 MP: 8/8
   484 | D:1      | Learned a level 1 spell: Animate Skeleton
   488 | D:1      | Learned a level 3 spell: Vampiric Draining
   646 | D:1      | Reached skill level 3 in Spellcasting
   707 | D:1      | Learned a level 3 spell: Regeneration
   763 | D:2      | Reached skill level 1 in Fighting
  1051 | D:2      | Reached XP level 4. HP: 11/22 MP: 5/9
  1456 | D:3      | Reached XP level 5. HP: 10/26 MP: 4/11
  1588 | D:3      | Found a sacrificial altar of Ru.
  1588 | D:3      | Found an iron altar of Okawaru.
  1702 | D:3      | Noticed Sigmund
  1727 | D:3      | Killed Sigmund
  1727 | D:3      | Reached skill level 4 in Spellcasting
  1727 | D:3      | Gained mutation: You heal very quickly. [Vine Stalker growth]
  1727 | D:3      | Reached XP level 6. HP: 5/32 MP: 8/13
  2036 | D:3      | Noticed Ijyb
  2072 | D:3      | Killed Ijyb
  2231 | D:4      | Reached skill level 5 in Necromancy
  2333 | D:4      | Reached XP level 7. HP: 32/35 MP: 15/15
  2503 | D:4      | Found a shadowy altar of Dithmenos.
  2570 | D:4      | Reached skill level 5 in Spellcasting
  3150 | D:4      | Gained mutation: You have razor-sharp teeth. [Vine Stalker growth]
  3150 | D:4      | Reached XP level 8. HP: 40/40 MP: 15/17
  3216 | D:5      | Entered Level 5 of the Dungeon
  3237 | D:5      | Noticed Pikel
  3428 | D:5      | Learned a level 4 spell: Animate Dead
  3433 | D:5      | Learned a level 4 spell: Control Undead
  3436 | D:5      | Learned a level 2 spell: Sublimation of Blood
  3489 | D:5      | Reached skill level 6 in Spellcasting
  3984 | D:5      | Found a staircase to the Ecumenical Temple.
  3987 | D:5      | Found a shimmering altar of Xom.
  3990 | Temple   | Entered the Ecumenical Temple
  4052 | Temple   | Became a worshipper of Kikubaaqudgha
  4149 | D:5      | Reached skill level 7 in Spellcasting
  4182 | D:5      | Noticed Crazy Yiuf
  4188 | D:5      | Killed Crazy Yiuf
  4338 | D:5      | Killed Pikel
  4338 | D:5      | Reached XP level 9. HP: 37/46 MP: 12/21
  4502 | D:6      | Reached skill level 8 in Spellcasting
  4754 | D:6      | Reached skill level 5 in Fighting
  4843 | D:6      | Reached skill level 5 in Dodging
  4855 | D:6      | Found a basalt altar of Yredelemnul.
  4857 | D:6      | Found a sparkling altar of Nemelex Xobeh.
  4934 | D:6      | Found a white marble altar of Elyvilon.
  4934 | D:6      | Found a radiant altar of Vehumet.
  4934 | D:6      | Found a shattered altar of Ashenzari.
  4934 | D:6      | Found an opulent altar of Gozag.
  4936 | D:6      | Found a burning altar of Makhleb.
  4937 | D:6      | Found a bloodstained altar of Trog.
  4938 | D:6      | Found a snail-covered altar of Cheibriados.
  4939 | D:6      | Found a shimmering altar of Xom.
  5203 | D:6      | Found Qaugiq's Antique Armour Shoppe.
  5694 | D:7      | HP: 1/47 [acid (5)]
  5695 | D:7      | Splashed by a jelly's acid

Vault maps used:
D:1:      saegor_arrival_simple_b
D:2:      kennysheep_big_flooded_room
D:3:      lemuel_upstairs_altar, gammafunk_temple_overflow_pools, uniq_sigmund,
          uniq_iyjb
D:4:      kennysheep_mini, first_bread, minmay_joined_circles
D:5:      dk_xom_monty_hall, uniq_crazy_yiuf_cottage, uniq_pikel
D:6:      minitemple, serial_shops, shop_statue
D:7:      grunt_livestock
Temple:   hc_temple_tempest_star_small

Skill      XL: |  1  2  3  4  5  6  7  8  9 |
---------------+----------------------------+-----
Spellcasting   | 3 4 5 7 8 |  8.8
Fighting       | 1 2 3 4 5 |  5.5
Dodging        | 2 3 4 5 |  5.4
Necromancy     | 5 6 7 |  7.3
Stealth        | |  2.4

Action                   |  1- 3 |  4- 6 |  7- 9 || total
-------------------------+-------+-------+-------++-------
Melee: Club              |    30 |       |       ||    30
       Dagger            |    57 |   140 |   463 ||   660
       Quarterstaff      |       |       |    24 ||    24
       Whip              |       |       |    11 ||    11
 Cast: Pain              |    22 |    11 |    40 ||    73
       Regeneration      |       |       |     2 ||     2
       Control Undead    |       |       |     3 ||     3
       Vampiric Draining |       |       |     2 ||     2
 Stab: Sleeping          |     3 |     3 |    11 ||    17
  Eat: Chunk             |     1 |     4 |    11 ||    16
